| TOP OF THE 1ST |
|
Aberdeen Pheasants batting - Pitching for Duluth-Superior Dukes : LHP Kenneth Swank
|
|
Pitching: LHP Kenneth Swank
|
|
|
Batting: RHB Alejandro Luna
|
0-0: SINGLE (Groundball, 56D, EV 100.0 MPH)
|
|
Batting: SHB Stephen Moore
|
0-0: Ball 1-0: Swinging Strike 1-1: Ball 2-1: Fielders Choice at 2nd, 6-4 (Groundball, 6S, EV 90.0 MPH)
|
|
Batting: LHB Bob Porter
|
0-0: Ball 1-0: Fielders Choice at 2nd, 6-4 (Groundball, 6, EV 99.4 MPH)
|
|
Batting: RHB Harry McCulla
|
0-0: Ball 1-0: Ball 2-0: Ball 3-0: Base on Balls Bob Porter to second
|
|
Batting: LHB Tim Thompson
|
0-0: Called Strike 0-1: Called Strike 0-2: Ball 1-2: Ball 2-2: Ground out 6-3 (Groundball, 6M, EV 100.6 MPH)
|
| Top of the 1st over - 0 runs, 1 hit, 0 errors, 2 left on base; Aberdeen 0 - Duluth-Superior 0 |
| BOTTOM OF THE 1ST |
|
Duluth-Superior Dukes batting - Pitching for Aberdeen Pheasants : RHP Josh Seymour
|
|
Pitching: RHP Josh Seymour
|
|
|
Batting: RHB Hector Cervantes
|
0-0: Called Strike 0-1: Swinging Strike 0-2: Ball 1-2: Ball 2-2: Ball 3-2: Fly out, F8 (Flyball, 8RS, EV 82.5 MPH)
|
|
Batting: RHB Jim Ferguson
|
0-0: Called Strike 0-1: Ball 1-1: Ground out 6-3 (Groundball, 6, EV 83.1 MPH)
|
|
Batting: RHB Ricky Sheetz
|
0-0: Foul Ball, location: 2F 0-1: Ball 1-1: Foul Ball, location: 2F 1-2: Ball 2-2: Ball 3-2: Foul Ball, location: 2F 3-2: SINGLE (Line Drive, 89M, EV 99.4 MPH)
|
|
Batting: LHB Ralph Bryant
|
0-0: Ball 1-0: Foul Ball, location: 2F 1-1: Fly out, F8 (Flyball, 89M, EV 83.8 MPH)
|
| Bottom of the 1st over - 0 runs, 1 hit, 0 errors, 1 left on base; Aberdeen 0 - Duluth-Superior 0 |
| TOP OF THE 2ND |
|
Aberdeen Pheasants batting - Pitching for Duluth-Superior Dukes : LHP Kenneth Swank
|
|
Batting: RHB Mike R Fitzgerald
|
0-0: Ball 1-0: Called Strike 1-1: Foul Ball, location: 2F 1-2: Strikes out swinging
|
|
Batting: RHB Pedro Chavez
|
0-0: Ball 1-0: Called Strike 1-1: Ground out 4-3 (Groundball, 34, EV 105.0 MPH)
|
|
Batting: RHB Armando Ramirez
|
0-0: Foul Ball, location: 2F 0-1: Ball 1-1: Swinging Strike 1-2: Ball 2-2: Ball 3-2: Foul Ball, location: 2F 3-2: Fly out, F7 (Line Drive, 7, EV 110.0 MPH)
|
| Top of the 2nd over - 0 runs, 0 hits, 0 errors, 0 left on base; Aberdeen 0 - Duluth-Superior 0 |
| BOTTOM OF THE 2ND |
|
Duluth-Superior Dukes batting - Pitching for Aberdeen Pheasants : RHP Josh Seymour
|
|
Batting: RHB Leo Vargas
|
0-0: Called Strike 0-1: Fly out, F6 (Popup, 4M, EV 59.4 MPH)
|
|
Batting: SHB Garry Humpston
|
0-0: Ball 1-0: Ball 2-0: Foul Ball, location: 2F 2-1: Foul Ball, location: 2F 2-2: Ball 3-2: Foul Ball, location: 2F 3-2: Base on Balls
|
|
Batting: RHB Gary Hinson
|
0-0: Foul Ball, location: 2F 0-1: Ball 1-1: Swinging Strike 1-2: Ball 2-2: Fly out, F4 (Line Drive, 4, EV 72.5 MPH)
|
|
Batting: RHB Scott Loucks
|
0-0: Ground out 6-3 (Groundball, 15, EV 85.6 MPH)
|
| Bottom of the 2nd over - 0 runs, 0 hits, 0 errors, 1 left on base; Aberdeen 0 - Duluth-Superior 0 |
| TOP OF THE 3RD |
|
Aberdeen Pheasants batting - Pitching for Duluth-Superior Dukes : LHP Kenneth Swank
|
|
Batting: RHB Diego Martinez
|
0-0: Ball 1-0: Called Strike 1-1: Ball 2-1: Called Strike 2-2: SINGLE (Flyball, 78S, EV 93.8 MPH)
|
|
Batting: RHB Alejandro Luna
|
0-0: Ball 1-0: Ground out 4-3 (Groundball, 13, EV 81.3 MPH) Diego Martinez to second
|
|
Batting: SHB Stephen Moore
|
0-0: Ball 1-0: Foul Ball, location: 2F 1-1: Called Strike 1-2: Ball 2-2: Strikes out swinging
|
|
Batting: LHB Bob Porter
|
0-0: Ball 1-0: Called Strike 1-1: Fly out, F9 (Flyball, 89D, EV 96.9 MPH)
|
| Top of the 3rd over - 0 runs, 1 hit, 0 errors, 1 left on base; Aberdeen 0 - Duluth-Superior 0 |
| BOTTOM OF THE 3RD |
|
Duluth-Superior Dukes batting - Pitching for Aberdeen Pheasants : RHP Josh Seymour
|
|
Batting: RHB Allan Garray
|
0-0: Foul Ball, location: 2F 0-1: Ground out 1-3 (Groundball, 34S, EV 68.1 MPH)
|
|
Batting: RHB Hector Cervantes
|
0-0: Called Strike 0-1: Ball 1-1: Called Strike 1-2: Foul Ball, location: 2F 1-2: Foul Ball, location: 2F 1-2: Strikes out swinging, 2-3 out at first.
|
|
Batting: RHB Jim Ferguson
|
0-0: Fly out, F4 (Line Drive, 4, EV 66.3 MPH)
|
| Bottom of the 3rd over - 0 runs, 0 hits, 0 errors, 0 left on base; Aberdeen 0 - Duluth-Superior 0 |
| TOP OF THE 4TH |
|
Aberdeen Pheasants batting - Pitching for Duluth-Superior Dukes : LHP Kenneth Swank
|
|
Batting: RHB Harry McCulla
|
0-0: Called Strike 0-1: Called Strike 0-2: Ball 1-2: Foul Ball, location: 2F 1-2: Foul Ball, location: 2F 1-2: Ball 2-2: Fly out, F3 (Popup, 3SF, EV 74.4 MPH)
|
|
Batting: LHB Tim Thompson
|
0-0: Fly out, F7 (Flyball, 78M, EV 91.9 MPH)
|
|
Batting: RHB Mike R Fitzgerald
|
0-0: Ball 1-0: Foul Ball, location: 2F 1-1: Swinging Strike 1-2: Ground out 6-3 (Groundball, 6, EV 103.8 MPH)
|
| Top of the 4th over - 0 runs, 0 hits, 0 errors, 0 left on base; Aberdeen 0 - Duluth-Superior 0 |
| BOTTOM OF THE 4TH |
|
Duluth-Superior Dukes batting - Pitching for Aberdeen Pheasants : RHP Josh Seymour
|
|
Batting: RHB Ricky Sheetz
|
0-0: Ball 1-0: Called Strike 1-1: SINGLE (Line Drive, 4D, EV 96.9 MPH)
|
|
Batting: LHB Ralph Bryant
|
0-0: Foul Ball, location: 2F 0-1: Foul Ball, location: 2F 0-2: Ball 1-2: Fielders Choice at 2nd, 3-6 (Groundball, 3, EV 100.0 MPH)
|
|
Batting: RHB Leo Vargas
|
0-0: Fly out, F4 (Popup, 34D, EV 51.3 MPH)
|
|
Batting: SHB Garry Humpston
|
0-0: Ball 1-0: 2-RUN HOME RUN (Flyball, 78XD, EV 98.8 MPH), Distance : 428 ft
|
|
Batting: RHB Gary Hinson
|
0-0: Foul Ball, location: 2F 0-1: Ball 1-1: Ball 2-1: Ball 3-1: Foul Ball, location: 2F 3-2: Ground out 6-3 (Groundball, 6, EV 83.1 MPH)
|
| Bottom of the 4th over - 2 runs, 2 hits, 0 errors, 0 left on base; Aberdeen 0 - Duluth-Superior 2 |
| TOP OF THE 5TH |
|
Aberdeen Pheasants batting - Pitching for Duluth-Superior Dukes : LHP Kenneth Swank
|
|
Batting: RHB Pedro Chavez
|
0-0: Ball 1-0: Ball 2-0: Ball 3-0: Called Strike 3-1: Base on Balls
|
|
Batting: RHB Armando Ramirez
|
0-0: Ball 1-0: Bunted foul 1-1: Sac Bunt to 15 - play at first, batter OUT! 1-4 Pedro Chavez to second
|
|
Batting: RHB Diego Martinez
|
0-0: Called Strike 0-1: Ball 1-1: Fly out, F9 (Flyball, 9S, EV 90.6 MPH)
|
|
Batting: RHB Alejandro Luna
|
0-0: Swinging Strike 0-1: Called Strike 0-2: Strikes out looking
|
| Top of the 5th over - 0 runs, 0 hits, 0 errors, 1 left on base; Aberdeen 0 - Duluth-Superior 2 |
| BOTTOM OF THE 5TH |
|
Duluth-Superior Dukes batting - Pitching for Aberdeen Pheasants : RHP Josh Seymour
|
|
Batting: RHB Scott Loucks
|
0-0: SINGLE (Flyball, 8LS, EV 86.3 MPH)
|
|
Batting: RHB Allan Garray
|
0-0: Ball Wild Pitch! Scott Loucks to second 1-0: Called Strike 1-1: Ball 2-1: Ball 3-1: Ground out 1-3 (Groundball, 15S, EV 71.3 MPH)
|
|
Batting: RHB Hector Cervantes
|
0-0: Ball 1-0: Ground out 5-3 (Groundball, 56, EV 86.9 MPH)
|
|
Batting: RHB Jim Ferguson
|
0-0: Called Strike 0-1: Ball 1-1: Foul Ball, location: 2F 1-2: Ball 2-2: Foul Ball, location: 2F 2-2: Ball 3-2: Foul Ball, location: 2F 3-2: Ground out 6-3 (Groundball, 6, EV 104.4 MPH)
|
| Bottom of the 5th over - 0 runs, 1 hit, 0 errors, 1 left on base; Aberdeen 0 - Duluth-Superior 2 |
| TOP OF THE 6TH |
|
Aberdeen Pheasants batting - Pitching for Duluth-Superior Dukes : LHP Kenneth Swank
|
|
Batting: SHB Stephen Moore
|
0-0: Foul Ball, location: 2F 0-1: Called Strike 0-2: Ball 1-2: Ball 2-2: Strikes out swinging
|
|
Batting: LHB Bob Porter
|
0-0: Called Strike 0-1: Ball 1-1: Swinging Strike 1-2: DOUBLE (Line Drive, 9LS, EV 91.9 MPH)
|
|
Batting: RHB Harry McCulla
|
0-0: Ball 1-0: Swinging Strike 1-1: Ball 2-1: Ball 3-1: Base on Balls
|
|
Batting: LHB Tim Thompson
|
0-0: Called Strike 0-1: Ball 1-1: Ball 2-1: Ball 3-1: Grounds into double play, 4-6-3 (Groundball, 4, EV 99.4 MPH)
|
| Top of the 6th over - 0 runs, 1 hit, 0 errors, 1 left on base; Aberdeen 0 - Duluth-Superior 2 |
| BOTTOM OF THE 6TH |
|
Duluth-Superior Dukes batting - Pitching for Aberdeen Pheasants : RHP Josh Seymour
|
|
Batting: RHB Ricky Sheetz
|
0-0: Called Strike 0-1: Called Strike 0-2: Ball 1-2: Foul Ball, location: 2F 1-2: Ball 2-2: SINGLE (Line Drive, 56D, EV 97.5 MPH)
|
|
Batting: LHB Ralph Bryant
|
0-0: SINGLE (Line Drive, 7S, EV 91.9 MPH) Ricky Sheetz to second
|
|
Batting: RHB Leo Vargas
|
0-0: Swinging Strike 0-1: SINGLE (Groundball, 4MD, EV 103.8 MPH) Ricky Sheetz to third Ralph Bryant to second
|
|
Batting: SHB Garry Humpston
|
0-0: Ball 1-0: Ball 2-0: SINGLE (Flyball, 6D, EV 94.4 MPH) Ricky Sheetz scores Ralph Bryant to third Leo Vargas to second Runner from 3rd tries for Home, SAFE, throw by LF to home
|
|
Batting: RHB Gary Hinson
|
0-0: Ball 1-0: Ball 2-0: Ball 3-0: Called Strike 3-1: Foul Ball, location: 2F 3-2: Base on Balls Leo Vargas to third Garry Humpston to second
|
|
Batting: RHB Scott Loucks
|
0-0: Foul Ball, location: 2F 0-1: Swinging Strike 0-2: Ball 1-2: Ball 2-2: Strikes out swinging
|
|
Batting: RHB Allan Garray
|
0-0: Called Strike 0-1: Called Strike 0-2: Ball 1-2: Foul Ball, location: 2F 1-2: Ball 2-2: Ball 3-2: Foul Ball, location: 2F 3-2: Foul Ball, location: 2F 3-2: Fly out, F8 (Flyball, 89XD, EV 108.8 MPH) Runner from 3rd tags up, SCORES, no throw by CF
|
|
Batting: RHB Hector Cervantes
|
0-0: SINGLE (Groundball, 6MD, EV 98.8 MPH) Garry Humpston to third Gary Hinson to second Runner from 3rd tries for Home, SAFE, throw by CF to home
|
|
Pitching: RHP Lannie Cropper
|
|
|
Batting: RHB Jim Ferguson
|
0-0: Ball 1-0: Fly out, F9 (Line Drive, 9, EV 92.5 MPH)
|
| Bottom of the 6th over - 4 runs, 5 hits, 0 errors, 2 left on base; Aberdeen 0 - Duluth-Superior 6 |
| TOP OF THE 7TH |
|
Aberdeen Pheasants batting - Pitching for Duluth-Superior Dukes : LHP Kenneth Swank
|
|
Batting: RHB Mike R Fitzgerald
|
0-0: Foul Ball, location: 2F 0-1: Ball 1-1: Ball 2-1: Called Strike 2-2: Foul Ball, location: 2F 2-2: Ground out 6-3 (Groundball, 6, EV 86.9 MPH)
|
|
Batting: RHB Pedro Chavez
|
0-0: Ball 1-0: Swinging Strike 1-1: Called Strike 1-2: Ball 2-2: Ball 3-2: Base on Balls
|
|
Batting: RHB Armando Ramirez
|
0-0: SINGLE (Line Drive, 78S, EV 111.3 MPH) Pedro Chavez to second
|
|
Batting: RHB Diego Martinez
|
0-0: Ball 1-0: Foul Ball, location: 2F 1-1: Ball 2-1: Called Strike 2-2: Foul Ball, location: 2F 2-2: Strikes out swinging
|
|
Batting: RHB Alejandro Luna
|
0-0: Called Strike 0-1: Ball 1-1: Ball 2-1: Ball 3-1: Base on Balls Pedro Chavez to third Armando Ramirez to second
|
|
Batting: SHB Stephen Moore
|
0-0: Called Strike 0-1: Ball 1-1: Swinging Strike 1-2: Ground out 4-3 (Groundball, 4, EV 86.9 MPH)
|
| Top of the 7th over - 0 runs, 1 hit, 0 errors, 3 left on base; Aberdeen 0 - Duluth-Superior 6 |
| BOTTOM OF THE 7TH |
|
Duluth-Superior Dukes batting - Pitching for Aberdeen Pheasants : RHP Lannie Cropper
|
|
Batting: RHB Ricky Sheetz
|
0-0: Ball 1-0: Called Strike 1-1: Called Strike 1-2: Foul Ball, location: 2F 1-2: Foul Ball, location: 2F 1-2: Ball 2-2: DOUBLE (Line Drive, 89D, EV 109.4 MPH)
|
|
Batting: LHB Ralph Bryant
|
0-0: Swinging Strike 0-1: Foul Ball, location: 2F 0-2: Strikes out looking
|
|
Batting: RHB Leo Vargas
|
0-0: Ball 1-0: Foul Ball, location: 2F 1-1: DOUBLE (Line Drive, 89XD, EV 106.3 MPH) Ricky Sheetz scores
|
|
Batting: SHB Garry Humpston
|
0-0: Ball 1-0: Called Strike 1-1: Ball 2-1: 2-RUN HOME RUN (Flyball, 89XD, EV 101.3 MPH), Distance : 402 ft
|
|
Batting: RHB Gary Hinson
|
0-0: Foul Ball, location: 2F 0-1: Ball 1-1: SINGLE (Flyball, 5D, EV 98.1 MPH)
|
|
Batting: RHB Scott Loucks
|
0-0: Ball 1-0: SINGLE (Groundball, 56D, EV 101.3 MPH) Gary Hinson to second
|
|
Batting: RHB Allan Garray
|
0-0: Ball 1-0: Called Strike 1-1: Ball 2-1: Ball 3-1: Base on Balls Gary Hinson to third Scott Loucks to second
|
|
Batting: RHB Hector Cervantes
|
0-0: Fielders Choice at 2nd, 3-6 (Groundball, 34, EV 90.0 MPH) Gary Hinson scores Scott Loucks to third
|
|
Batting: RHB Jim Ferguson
|
0-0: Ball 1-0: DOUBLE (Line Drive, 78XD, EV 107.5 MPH) Scott Loucks scores Hector Cervantes to third Runner from 3rd tries for Home, SAFE, throw by LF to home
|
|
Pitching: RHP Ernesto Borbon
|
|
|
Batting: RHB Ricky Sheetz
|
0-0: Ball 1-0: Foul Ball, location: 2F 1-1: Swinging Strike 1-2: Ball 2-2: Ball 3-2: Foul Ball, location: 2F 3-2: Base on Balls
|
|
Batting: LHB Ralph Bryant
|
0-0: Ball 1-0: SINGLE (Groundball, 6MD, EV 105.0 MPH) Jim Ferguson to third Ricky Sheetz to second Runner from 3rd tries for Home, SAFE, throw by CF to home
|
|
Batting: RHB Leo Vargas
|
0-0: Ball 1-0: Ball 2-0: Ball 3-0: Called Strike 3-1: Base on Balls Ricky Sheetz to third Ralph Bryant to second
|
|
Batting: SHB Garry Humpston
|
0-0: Ball 1-0: Ball 2-0: Called Strike 2-1: Ball 3-1: SINGLE (Flyball, 4D, EV 90.0 MPH) Ricky Sheetz scores Ralph Bryant to third Leo Vargas to second Runner from 3rd tries for Home, SAFE, throw by CF to home
|
|
Batting: RHB Gary Hinson
|
0-0: Called Strike 0-1: Ball 1-1: Called Strike 1-2: Ball 2-2: Ball 3-2: Base on Balls Leo Vargas to third Garry Humpston to second
|
|
Batting: RHB Scott Loucks
|
0-0: Reached on error, E8 (Line Drive, 8RD, EV 92.5 MPH) Leo Vargas scores Garry Humpston scores Gary Hinson to third
|
|
Batting: RHB Allan Garray
|
0-0: Fly out, F9 (Flyball, 9LS, EV 90.0 MPH)
|
| Bottom of the 7th over - 11 runs, 8 hits, 1 error, 2 left on base; Aberdeen 0 - Duluth-Superior 17 |
| TOP OF THE 8TH |
|
Aberdeen Pheasants batting - Pitching for Duluth-Superior Dukes : LHP Kenneth Swank
|
|
Batting: LHB Bob Porter
|
0-0: Ball 1-0: Fly out, F7 (Flyball, 7D, EV 93.8 MPH)
|
|
Pinch Hitting: LHB Rick Leach
|
0-0: Foul Ball, location: 2F 0-1: Swinging Strike 0-2: Ball 1-2: Ground out 4-3 (Groundball, 4, EV 84.4 MPH)
|
|
Batting: LHB Tim Thompson
|
0-0: Foul Ball, location: 2F 0-1: Fly out, F7 (Flyball, 7LM, EV 96.9 MPH)
|
| Top of the 8th over - 0 runs, 0 hits, 0 errors, 0 left on base; Aberdeen 0 - Duluth-Superior 17 |
| BOTTOM OF THE 8TH |
|
Duluth-Superior Dukes batting - Pitching for Aberdeen Pheasants : RHP Ernesto Borbon
|
|
Now at 1B: Rick Leach
|
|
|
Batting: RHB Hector Cervantes
|
0-0: Swinging Strike 0-1: Fly out, F9 (Flyball, 9LM, EV 86.9 MPH)
|
|
Batting: RHB Jim Ferguson
|
0-0: Ball 1-0: Foul Ball, location: 2F 1-1: Ball 2-1: Ball 3-1: Base on Balls
|
|
Batting: RHB Ricky Sheetz
|
0-0: Foul Ball, location: 2F 0-1: Ball 1-1: Ball 2-1: Ball 3-1: Base on Balls Jim Ferguson to second
|
|
Pitching: RHP John Altman
|
|
|
Pinch Hitting: RHB Everette Smith
|
0-0: Ball 1-0: Swinging Strike 1-1: Foul Ball, location: 2F 1-2: Strikes out swinging
|
|
Batting: RHB Leo Vargas
|
0-0: Called Strike 0-1: Foul Ball, location: 2F 0-2: Foul Ball, location: 2F 0-2: SINGLE (Groundball, 56D, EV 94.4 MPH) Jim Ferguson to third Ricky Sheetz to second Runner from 3rd tries for Home, SAFE, throw by LF to home
|
|
Batting: SHB Garry Humpston
|
0-0: Foul Ball, location: 2F 0-1: Ball 1-1: Foul Ball, location: 2F 1-2: Ball 2-2: Ball 3-2: Foul Ball, location: 2F 3-2: Base on Balls Ricky Sheetz to third Leo Vargas to second
|
|
Batting: RHB Gary Hinson
|
0-0: Foul Ball, location: 2F 0-1: Foul Ball, location: 2F 0-2: Foul Ball, location: 2F 0-2: Ball 1-2: Strikes out swinging
|
| Bottom of the 8th over - 1 run, 1 hit, 0 errors, 3 left on base; Aberdeen 0 - Duluth-Superior 18 |
| TOP OF THE 9TH |
|
Aberdeen Pheasants batting - Pitching for Duluth-Superior Dukes : LHP Kenneth Swank
|
|
Now in LF: Everette Smith
|
|
|
Batting: RHB Mike R Fitzgerald
|
0-0: Called Strike 0-1: Ball 1-1: Foul Ball, location: 2F 1-2: Ground out 6-3 (Groundball, 6, EV 95.0 MPH)
|
|
Batting: RHB Pedro Chavez
|
0-0: Fly out, F8 (Flyball, 8RD, EV 89.4 MPH)
|
|
Batting: RHB Armando Ramirez
|
0-0: Foul Ball, location: 2F 0-1: DOUBLE (Flyball, 8RXD, EV 103.8 MPH)
|
|
Pitching: RHP Keith Walsh
|
|
|
Batting: RHB Diego Martinez
|
0-0: Foul Ball, location: 2F 0-1: Called Strike 0-2: Ball 1-2: Ball 2-2: SINGLE (Line Drive, 89S, EV 101.3 MPH) Armando Ramirez to third
|
|
Batting: RHB Alejandro Luna
|
0-0: Fielders Choice at 2nd, 6-4 (Groundball, 6, EV 104.4 MPH)
|
| Top of the 9th over - 0 runs, 2 hits, 0 errors, 2 left on base; Aberdeen 0 - Duluth-Superior 18 |
|